 Dungeon Crawl Stone Soup version 0.29-a0-615-gdeedd76 (webtiles) character file.

Game seed: 405590699029393003

129 PurpleRed the Magician (level 4, -1/25 HPs)
             Began as a Deep Elf Brigand on June 18, 2022.
             Was an Initiate of Vehumet.
             Shot with a bolt by a kobold (4 damage)
             ... on level 4 of the Dungeon.
             The game lasted 00:09:47 (797 turns).

PurpleRed the Magician (Deep Elf Brigand)            Turns: 797, Time: 00:09:48

Health: -1/25      AC:  4    Str:  8    XL:     4   Next: 88%
Magic:  2/13       EV: 12    Int: 18    God:    Vehumet [......]
Gold:   30         SH:  0    Dex: 16    Spells: 7/13 levels left

rFire   + . .      SeeInvis .   a - +2 dagger
rCold   . . .      Faith    .   (no shield)
rNeg    . . .      Spirit   .   b - +0 robe
rPois   .          Reflect  .   (no helmet)
rElec   .          Harm     .   c - +0 cloak
rCorr   +          Rampage  .   (no gloves)
Will    .....                   n - +0 pair of boots
Stlth   +++.......              (no amulet)
HPRegen 0.08/turn               f - ring of protection from fire
MPRegen 0.13/turn               j - ring of resist corrosion

@: very slightly contaminated
A: no striking features
a: Renounce Religion


You were on level 4 of the Dungeon.
You worshipped Vehumet.
Vehumet was noncommittal.
You visited 1 branch of the dungeon, and saw 4 of its levels.

You collected 30 gold pieces.

Inventory:

Hand Weapons
 a - a +2 dagger (weapon)
 t - a +0 hunting sling
Missiles
 d - 8 poisoned darts (quivered)
 e - 3 curare-tipped darts
Armour
 b - a +0 robe (worn)
 c - a +0 cloak (worn)
 m - a +1 chain mail of cold resistance
 n - a +0 pair of boots (worn)
Jewellery
 f - a ring of protection from fire (left hand)
 j - a ring of resist corrosion (right hand)
Scrolls
 h - 3 scrolls of identify {unknown}
 p - a scroll of fear {unknown}
 r - a scroll of enchant weapon {unknown}
 s - a scroll of torment {unknown}
Potions
 g - a potion of lignification {unknown}
 i - 2 potions of degeneration {unknown}
 k - 2 potions of invisibility {unknown}
 l - a potion of curing {unknown}
 q - a potion of ambrosia {unknown}


   Skills:
 - Level 1.5 Fighting
 - Level 2.0 Short Blades
 - Level 2.0 Throwing
 - Level 1.2 Dodging
 - Level 4.8 Stealth
 + Level 5.0 Spellcasting
 + Level 2.5 Summonings


You had 7 spell levels left.
You knew the following spells:

 Your Spells              Type           Power      Damage    Failure   Level
a - Magic Dart            Conj           16%        1d3       13%         1
b - Call Imp              Summ           13%        N/A       7%          2
c - Call Canine Familiar  Summ           13%        N/A       14%         3

Your spell library contained the following spells:

 Spells                   Type           Power      Damage    Failure   Level
 Mephitic Cloud           Conj/Pois/Air  4%         N/A       36%         3
 Portal Projectile        Hex/Tloc       8%         N/A       36%         3
 Leda's Liquefaction      Hex/Erth       2%         N/A       78%         4


Dungeon Overview and Level Annotations

Branches:
Dungeon (4/15)
 Temple: D:4-7

Altars:
Ashenzari
Vehumet

Annotations:
D:4 Menkaure


Message History

The bolt closely misses you.
Menkaure calls on the powers of darkness!
Your hound convulses!
Your body is wracked with pain!
Your hound bites Menkaure.
The kobold shoots a bolt.
The bolt hits your hound.
Okay, then.
Casting: Call Canine Familiar (quite dangerous; 14% risk of failure)
Confirm with . or Enter, or press ? or * to list all spells.
Aiming: Magic Dart (safe; 13% risk of failure)
Press: ? - help, Shift-Dir - straight line, f/p - Menkaure
Aim: Menkaure (severely damaged, fast, ally target, 100% to hit)
The magic dart hits Menkaure but does no damage.
Menkaure is severely damaged.
Menkaure calls on the powers of darkness!
Your hound convulses!
Your body is wracked with pain!
* * * LOW HITPOINT WARNING * * *
Your hound bites Menkaure.
Casting: Magic Dart (safe; 13% risk of failure)
Confirm with . or Enter, or press ? or * to list all spells.
Aiming: Magic Dart (safe; 13% risk of failure)
Press: ? - help, Shift-Dir - straight line, f/p - Menkaure
Aim: Menkaure (almost destroyed, fast, not watching you, ally target, 100% to hit)
The magic dart hits Menkaure but does no damage.
Menkaure is almost destroyed.
Your hound closely misses Menkaure.
Menkaure points at you and mumbles some strange words.
Pain shoots through your body!
* * * LOW HITPOINT WARNING * * *
The kobold shoots a bolt.
The bolt misses you.
Casting: Magic Dart (safe; 13% risk of failure)
Confirm with . or Enter, or press ? or * to list all spells.
Aiming: Magic Dart (safe; 13% risk of failure)
Press: ? - help, Shift-Dir - straight line, f/p - Menkaure
Aim: Menkaure (almost destroyed, fast, ally target, 100% to hit)
You miscast Magic Dart.
You are very lightly contaminated with residual magic.
Nothing appears to happen.
Your hound barely misses Menkaure.
Menkaure closely misses you.
The kobold shoots a bolt.
The bolt hits you.
You die...

#).....# #......
##......######.#.##
#.................
#.......##.###.#.# .)# .#
#.....##.......#.##..##.##
#.....##.................#
#.....##.......#.##......#
#.....##.................#
########.....@............
#....M§._.≈.......#
#####.h............
###K#.###...#.# #...#
....# #.....5...#.#.#
#.............[
#....(....#.#.#
#.........# .


You could see Menkaure (fast, ally target), a kobold, a friendly hound
(summoned) and a friendly crimson imp (summoned).

Vanquished Creatures
  A scorpion (D:3)
  A gnoll (D:1)
  An adder (D:2)
  2 worms (D:3)
  A dart slug (D:3)
  7 ball pythons
  2 bats (D:1)
  3 endoplasms
  2 giant cockroaches (D:2)
  3 goblins
  A hobgoblin (D:4)
  A kobold (D:1)
  3 quokkas
  5 frilled lizards (D:1)
  A rat (D:3)
34 creatures vanquished.

Vanquished Creatures (collateral kills)
  A dart slug (D:3)
  2 endoplasms (D:3)
  A hobgoblin (D:3)
4 creatures vanquished.

Vanquished Creatures (others)
  A bat (D:3)
1 creature vanquished.

Grand Total: 39 creatures vanquished

Notes
Turn   | Place    | Note
-------+----------+-------------------------------------------
     0 | D:1      | PurpleRed the Deep Elf Brigand began the quest for the Orb.
     0 | D:1      | Reached XP level 1. HP: 12/12 MP: 3/3
     6 | D:1      | Noticed a hog
     6 | D:1      | Noticed a scorpion
     6 | D:1      | Noticed an anaconda
     6 | D:1      | Noticed a lindwurm
     6 | D:1      | Noticed a wyvern
    40 | D:1      | Reached skill level 1 in Spellcasting
    65 | D:1      | Reached skill level 2 in Spellcasting
    65 | D:1      | Reached XP level 2. HP: 16/16 MP: 4/7
   132 | D:1      | Reached skill level 3 in Spellcasting
   257 | D:1      | Reached XP level 3. HP: 17/20 MP: 10/10
   261 | D:1      | Learned a level 3 spell: Call Canine Familiar
   444 | D:3      | Reached skill level 1 in Summonings
   447 | D:3      | Reached skill level 4 in Spellcasting
   546 | D:3      | Noticed a scorpion
   563 | D:3      | Killed a scorpion
   564 | D:3      | Reached XP level 4. HP: 17/25 MP: 10/12
   592 | D:3      | Learned a level 2 spell: Call Imp
   622 | D:3      | Found a radiant altar of Vehumet.
   635 | D:3      | Became a worshipper of Vehumet
   666 | D:3      | Reached skill level 5 in Spellcasting
   754 | D:4      | Found a broken altar of Ashenzari.
   763 | D:4      | Noticed Menkaure
   768 | D:4      | Learned a level 1 spell: Magic Dart
   797 | D:4      | Shot with a bolt by a kobold

Illustrated notes

Levels and vault maps discovered:
D:1:      onia_arrival_zoo_common, layout_basic, basic_ecumenical_altar,
          wander_ebering_terrifying_dragon_lair
D:2:      minmay_general_purpose_star, layout_loops_cross,
          minmay_worlds_worst_comb
D:3:      layout_basic, fiery_altar_vehumet, minmay_cupped
D:4:      layout_basic, mainiacjoe_overflow_catwalk,
          mainiacjoe_overflow_tiny_flanked,
          mainiacjoe_overflow_concentric_impassable,
          minmay_temple_entry_crystal_x, serial_shops, nicolae_diamond_shop,
          grunt_ministairs_14, hangedman_abyss_or_decor_lesser_grid,
          nicolae_shop_overcharged_wands, uniq_ijyb, uniq_menkaure,
          uniq_blork_the_orc

Skill      XL: |  1  2  3  4 |
---------------+-------------+-----
Spellcasting   | 2 3 4 5 |  5.0
Summonings     | 2 |  2.5
Fighting       | |  1.5
Short Blades   | |  2.0
Throwing       | |  2.0
Dodging        | |  1.2
Stealth        | |  4.8

Action                   |  1- 3 |  4- 6 || total
-------------------------+-------+-------++-------
Melee: Dagger            |    77 |     2 ||    79
       Punch             |     1 |       ||     1
Throw: Dart              |    32 |       ||    32
       Javelin           |       |     4 ||     4
 Cast: Call Imp          |       |     3 ||     3
       Call Canine Famil |       |     3 ||     3
       Magic Dart        |       |     2 ||     2
 Stab: Distracted        |       |     1 ||     1
Armor: Robe              |     8 |     1 ||     9
       Chain mail        |    19 |       ||    19
Dodge: Dodged            |    18 |     6 ||    24

Table legend: (Time is in decaauts)
 A = Elapsed time spent in this place.
 B = Non-inter-level travel time spent in this place.
 C = Inter-level travel time spent in this place.
 D = Time resting spent in this place.
 E = Time spent auto-exploring this place.
 F = Levels seen in this place.
 G = Mean time per level.
                   A        B        C        D        E       F      G
               +--------+--------+--------+--------+--------+-----+--------+
         Total |    784 |    784 |      0 |      0 |      0 |   4 |  196.0 |
       Dungeon |    784 |    784 |      0 |      0 |      0 |   4 |  196.0 |
               +--------+--------+--------+--------+--------+-----+--------+

Top non-repeatable levels by time:
     D:1: 291 daAuts
     D:3: 273 daAuts
     D:2: 126 daAuts
     D:4: 92 daAuts
